Map: Inferno Pools (Void)

Players

Javert

  • Race: Zerg Zerg
  • League: Grandmaster

Therapist - Winner!

  • Race: Zerg Zerg
  • League: Grandmaster

VOD

Have the link to the VOD?

Description

Time

  • Played on: July 7, 2015, 11:41 p.m.
  • Length: 15:24
Show
View Real Time Build Order
Export as new Build Order

Javert Zerg 

Build Orders: Hatch First 

Get SALT Encoding   

  12  0:01  Drone  
  13  0:12  Overlord  
  13  0:22  Drone  
  14  0:31  Drone x2  
  16  0:36  Drone  
  17  0:54  Hatchery  
  16  1:01  Extractor  
  16  1:03  Drone x2  
  17  1:10  Drone  
  18  1:20  Spawning Pool  
  18  1:25  Drone  
  18  1:29  Drone  
  19  1:42  Drone  
  20  1:51  Overlord  
  20  2:08  Metabolic Boost, Queen  
  20  2:09  Queen  
  20  2:15  Zergling x6  
  27  2:21  Drone  
  28  2:28  Drone x2  
  30  2:41  Drone x2  
  32  2:52  Drone x2  
  34  3:04  Drone x2  
  36  3:10  Overlord  
  35  3:29  Zergling x2  
  35  3:30  Zergling x18  
  43  3:37  Baneling Nest  
  42  3:42  Overlord  
  42  3:44  Drone  
  43  3:55  Overlord  
  40  4:08  Drone x3  
  40  4:09  Drone x3  
  46  4:10  Drone x4  
  49  4:18  Drone x3  
  52  4:27  Hatchery  
  51  4:31  Baneling x2  
  51  4:36  Drone x3  
  54  4:41  Extractor  
  54  4:42  Extractor  
  52  4:59  Zergling x16  
  59  5:03  Lair  
  59  5:05  Extractor  
  58  5:10  Spine Crawler  
  57  5:14  Spine Crawler, Baneling x4  
  57  5:15  Baneling  
  57  5:19  Drone x3  
  51  5:42  Zergling x22  
  57  5:43  Zergling x4  
  57  5:49  Queen  
  61  6:01  Baneling  
  61  6:02  Baneling x5  
  46  6:42  Zergling x22  
  45  7:04  Drone x3  
  39  7:10  Spire  
  37  7:24  Drone x5  
  37  7:25  Drone  
  37  7:26  Queen  
  45  7:35  Drone x3  
  45  7:36  Drone  
  49  7:38  Queen  
  51  7:52  Baneling  
  51  7:53  Baneling x3  
  51  8:02  Burrow  
  49  8:22  Mutalisk x5  
  29  8:57  Mutalisk x9  
  47  9:09  Queen  
  49  9:21  Drone  
  49  9:22  Drone x5  
  55  9:28  Hatchery  
  54  9:35  Zerg Flyer Weapons Level 1  
  54  9:42  Zergling x2  
  54  9:43  Queen, Zergling x2  
  58  9:59  Mutalisk  
  54  10:00  Mutalisk x2  
  54  10:02  Overseer  
  58  10:22  Zergling x2  
  58  10:23  Zergling x2  
  60  10:32  Overlord  
  60  10:37  Overlord x2  
  60  10:45  Drone x6  
  66  10:51  Mutalisk x2  
  70  11:03  Baneling x2  
  70  11:16  Zergling x10  
  75  11:23  Drone x2  
  77  11:44  Zergling x10  
  81  11:51  Baneling x6  
  81  11:52  Baneling x6  
  81  11:53  Baneling x3  
  81  11:55  Drone  
  82  12:07  Overlord x2  
  82  12:24  Overlord x2  
  82  12:30  Extractor  
  82  12:31  Drone x8, Extractor  
  82  12:33  Baneling  
  82  12:34  Baneling x2  
  82  12:35  Pneumatized Carapace  
  88  12:54  Baneling x4  
  88  12:56  Drone x7  
  95  13:04  Drone  
  95  13:05  Drone x3  
  98  13:16  Drone  
  98  13:17  Drone x6  
  104  13:30  Drone x3  
  104  13:31  Drone x3  
  108  13:56  Roach Warren  
  107  14:05  Overlord x4  
  106  14:10  Evolution Chamber x2  
  104  14:17  Zergling x12  
  104  14:20  Baneling x6  
  104  14:23  Overlord x2  
  104  14:25  Extractor  
  104  14:26  Hatchery  
  104  14:28  Extractor  
  101  14:32  Zergling x14  
  107  14:43  Zergling x2  
  107  14:44  Zergling x10  
  103  14:47  Baneling x4  
Show
View Real Time Build Order
Export as new Build Order

Therapist Zerg - Winner!

Build Orders: Hatch First 

Get SALT Encoding   

  12  0:01  Drone  
  13  0:08  Drone  
  14  0:20  Drone, Extractor  
  14  0:22  Drone, Extractor  
  16  0:41  Hatchery  
  15  0:48  Overlord  
  15  1:03  Spawning Pool  
  14  1:06  Drone  
  14  1:09  Drone  
  16  1:13  Drone  
  16  1:18  Drone  
  18  1:20  Extractor  
  17  1:29  Drone  
  18  1:39  Drone  
  19  1:51  Drone  
  19  1:52  Queen  
  22  1:58  Queen  
  22  1:59  Zergling x2  
  25  2:03  Overlord  
  25  2:06  Drone  
  26  2:12  Drone  
  27  2:25  Metabolic Boost  
  27  2:32  Drone x2  
  27  2:35  Overlord  
  29  2:41  Drone x2  
  29  2:44  Drone  
  32  2:49  Zergling x2  
  32  3:03  Zergling x8  
  36  3:15  Zergling x10  
  36  3:19  Baneling Nest  
  40  3:38  Overlord  
  40  3:39  Zergling x8  
  44  3:49  Overlord  
  44  3:53  Overlord  
  39  4:08  Zergling x4  
  38  4:10  Hatchery  
  38  4:12  Baneling  
  38  4:13  Zergling x2, Baneling  
  38  4:14  Zergling x10  
  43  4:26  Roach Warren  
  42  4:34  Baneling  
  42  4:35  Baneling x3  
  42  4:39  Zergling x14  
  46  5:04  Zergling x2  
  46  5:06  Roach x6  
  59  5:21  Drone  
  59  5:34  Hatchery  
  48  5:43  Zergling x8  
  48  5:45  Zergling x4  
  48  5:47  Baneling x3  
  48  5:48  Baneling  
  54  5:57  Drone x8  
  62  6:01  Extractor x2  
  58  6:17  Zergling x2  
  45  6:48  Roach  
  45  6:49  Roach x6, Zergling x2  
  45  6:50  Zergling x2  
  60  6:55  Drone  
  60  6:56  Drone x4  
  59  7:17  Zergling x4  
  59  7:18  Zergling x8  
  61  7:35  Baneling  
  61  7:36  Baneling x3  
  61  7:38  Zergling x2  
  61  7:39  Zergling x6  
  61  7:40  Baneling x2  
  61  7:41  Zergling x2  
  61  7:42  Zergling x2  
  67  7:53  Spine Crawler  
  67  7:54  Spine Crawler  
  67  7:55  Spine Crawler  
  67  7:58  Spine Crawler  
  63  8:04  Baneling x2  
  63  8:12  Drone x9  
  71  8:14  Queen  
  73  8:33  Queen  
  74  8:36  Queen  
  68  8:44  Roach  
  68  8:45  Roach x2  
  72  8:50  Queen  
  72  8:54  Spore Crawler  
  70  9:00  Spore Crawler  
  70  9:02  Spore Crawler  
  66  9:03  Spore Crawler  
  66  9:04  Spore Crawler  
  66  9:05  Spore Crawler  
  66  9:06  Spore Crawler, Drone x3  
  66  9:09  Drone x8  
  69  9:11  Spore Crawler  
  60  9:33  Overlord x2  
  60  9:42  Lair  
  56  10:06  Lair, Drone x3, Extractor  
  56  10:07  Extractor  
  57  10:10  Spore Crawler  
  57  10:12  Spore Crawler  
  55  10:31  Drone x10  
  55  10:32  Overlord x4  
  65  10:44  Drone x3, Extractor  
  65  10:45  Drone x3  
  65  10:48  Drone x2  
  65  10:49  Drone  
  73  11:12  Hydralisk Den  
  72  11:31  Zergling x10  
  77  11:37  Infestation Pit  
  76  11:41  Hydralisk  
  76  11:42  Hydralisk x3, Muscular Augments  
  82  11:54  Overlord, Hydralisk x3  
  82  11:58  Hydralisk x3  
  82  11:59  Hydralisk x3  
  100  12:10  Overlord  
  100  12:11  Overlord x2  
  100  12:16  Hydralisk  
  100  12:17  Hydralisk x2  
  100  12:19  Overlord  
  100  12:20  Pathogen Glands  
  106  12:26  Evolution Chamber, Hydralisk  
  106  12:28  Evolution Chamber  
  106  12:29  Hydralisk x3  
  108  12:30  Hydralisk x3  
  118  12:38  Glial Reconstitution  
  118  12:39  Roach x2  
  118  12:40  Roach  
  124  12:44  Overlord  
  124  12:46  Hydralisk  
  124  12:47  Hydralisk x4  
  134  12:54  Hydralisk  
  134  12:57  Hydralisk x3  
  142  12:58  Zerg Missile Weapons Level 1  
  142  12:59  Zerg Ground Armor Level 1  
  142  13:00  Infestor x3  
  142  13:05  Infestor  
  144  13:09  Infestor  
  144  13:10  Overlord  
  148  13:23  Hydralisk x3  
  154  13:28  Overlord  
  154  13:29  Overlord x2  
  154  13:30  Roach  
  156  13:38  Roach x2  
  159  13:52  Hydralisk  
  159  13:53  Hydralisk x3  
  165  13:56  Tunneling Claws  
  165  13:59  Hydralisk x2  
  169  14:10  Roach x3  
  155  14:49  Hydralisk x2  
Tags
 
Add a new tag
Caveats
  • Supply blocks, unpowered buildings, or Contaminate may cause inaccurate times.
  • Supply counts are checked every 10 seconds.